 Dungeon Crawl Stone Soup version 0.25-a0-317-g5f8687bca5 (webtiles) character file.

Game seed: 13818537726004502271, levelgen mode: classic

26474 Borgoz the Basher (level 13, -5/84 HPs)
             Began as a Gargoyle Fighter on Dec 25, 2019.
             Was a Priest of Ashenzari.
             Slain by a very large slime creature (43 damage)
             ... on level 14 of the Dungeon.
             The game lasted 00:23:09 (13757 turns).

Borgoz the Basher (Gargoyle Fighter)               Turns: 13757, Time: 00:23:09

Health: -5/84      AC: 27    Str: 19    XL:     13   Next: 26%
Magic:  13/13      EV:  8    Int: 11    God:    Ashenzari [***...]
Gold:   936        SH: 10    Dex: 13    Spells: 12/12 levels left

rFire    + . .     SeeInvis +   a - +1 flail (crush)
rCold    . . .     Gourm    .   c - +0 shield
rNeg     + . .     Faith    .   i - +0 plate armour
rPois    ∞         Spirit   .   (no helmet)
rElec    +         Reflect  .   C - +0 cloak
rCorr    .         Harm     +   j - +0 pair of gloves
MR       .....                  (no boots)
Stlth    ..........             y - amulet of harm
HPRegen  0.24/turn              h - ring of protection from fire
MPRegen  0.13/turn              s - +2 ring of slaying

@: studying Crossbows
A: negative energy resistance 1, electricity resistance, unbreathing,
petrification resistance, rot immunity, AC +9
a: Curse Item, Scrying, Renounce Religion


You were on level 14 of the Dungeon.
You worshipped Ashenzari.
Ashenzari was most pleased with you.
You were hungry.

You visited 2 branches of the dungeon, and saw 15 of its levels.

You collected 936 gold pieces.

Inventory:

Hand Weapons
 a - a +1 flail of crushing (weapon)
 b - a +2 whip of electrocution
 R - a +0 great mace
 U - a +0 dire flail
Missiles
 o - 2 throwing nets (quivered)
Armour
 c - a +0 shield (worn)
 i - a +0 plate armour (worn)
 j - a +0 pair of gloves (worn)
 C - a +0 cloak (worn)
Jewellery
 h - a ring of protection from fire (left hand)
 s - a +2 ring of slaying (right hand)
 w - an uncursed ring of positive energy
 y - an amulet of harm (around neck)
 M - a +3 amulet of reflection
Wands
 A - a wand of random effects (48)
 E - a wand of disintegration (37)
 H - a wand of paralysis (10)
 J - a wand of scattershot (3)
 L - a wand of enslavement (4)
 S - a wand of acid (3)
Scrolls
 e - 4 scrolls of fog {unknown}
 g - 7 scrolls of teleportation
 l - 6 scrolls of amnesia
 m - 5 scrolls of remove curse
 t - 2 scrolls of enchant armour {unknown}
 u - a scroll of enchant weapon {unknown}
 v - a scroll of random uselessness {unknown}
 x - 3 scrolls of magic mapping {unknown}
 F - 3 scrolls of fear {unknown}
 O - 2 scrolls of immolation {unknown}
 Q - a scroll of blinking {unknown}
Potions
 d - 2 potions of might
 k - a potion of heal wounds
 n - 2 potions of agility {unknown}
 q - a potion of brilliance
 r - 6 potions of haste
 z - 3 potions of curing {unknown}
 B - 5 potions of invisibility {unknown}
 D - a potion of cancellation
 G - 2 potions of flight
 I - a potion of ambrosia
 K - a potion of lignification
 N - a potion of berserk rage
 P - a potion of magic
Books
 p - a manual of Crossbows
Comestibles
 f - 32 rations


   Skills:
 + Level 11.1 Fighting
 * Level 13.2 Maces & Flails
 + Level 11.1 Armour
 * Level 8.9 Dodging
 - Level 5.1 Shields


You had 12 spell levels left.
You didn't know any spells.
Your spell library contained the following spells:

 Spells                   Type           Power        Failure   Level  Hunger
 Corona                   Hex            #......      100%        1    ##.....
 Foxfire                  Conj/Fire      #...         100%        1    ##.....
 Infusion                 Chrm           #...         100%        1    ##.....
 Ensorcelled Hibernation  Hex/Ice        #.....       100%        2    ###....
 Shroud of Golubria       Chrm/Tloc      #.....       100%        2    ###....
 Song of Slaying          Chrm           #.......     100%        2    ###....
 Confuse                  Hex            #.......     100%        3    ####...
 Conjure Flame            Conj/Fire      #.......     100%        3    ####...
 Dazzling Flash           Conj/Hex       #.....       100%        3    ####...
 Inner Flame              Hex/Fire       #.......     100%        3    ####...
 Regeneration             Chrm/Necr      #.........   100%        3    ####...
 Spectral Weapon          Hex/Chrm       #.......     100%        3    ####...
 Tukima's Dance           Hex            #.......     100%        3    ####...
 Sticky Flame             Conj/Fire      #.......     100%        4    #####..
 Fireball                 Conj/Fire      #.........   100%        5    ######.


Dungeon Overview and Level Annotations

Branches:
Dungeon (14/15)            Temple (1/1) D:6            Lair (0/6) D:9
    Orc (0/2) D:10         Vaults (0/5) D:14

Altars:
Ashenzari
Cheibriados
Dithmenos
Elyvilon
Fedhas
Hepliaklqana
Makhleb
Nemelex Xobeh
Okawaru
Qazlal
Ru
Sif Muna
Trog
Uskayaw
Vehumet
Wu Jian
Xom
Zin
Beogh

Shops:
D:5 [   D:6 *

Annotations:
D:5 exclusion: oklob plant


Innate Abilities, Weirdness & Mutations

You are resistant to torment.
Your stone body is resilient. (AC +9)
You are immune to poison.
You resist negative energy. (rN+)
You are resistant to electric shocks. (rElec)
You can survive without breathing.
You are immune to petrification.
You are immune to rotting.


Message History

Ouch! That really hurt!
* * * LOW HITPOINT WARNING * * *
You are too injured to fight recklessly!
Unknown command.
Okay, then.
Okay, then.
You feel much better.
The slime creature completely misses you.
The slime creature hits you.
* * * LOW HITPOINT WARNING * * *
You block the very large slime creature's attack.
You feel much better.
The slime creature hits you but does no damage. x2
The very large slime creature hits you!
You sock the slime creature!
You kill the slime creature!
The slime creature hits you but does no damage.
The very large slime creature hits you!!!
Ouch! That really hurt!
You die...

##.##### * , ,, #..÷.# * **
#####.### , ## #.......#
######+#### .# #.......#
#.........# .# ###.......#
#.........# .###.........#
###.........#
.............###JJ.........#
.###.^..........@#J........#
.# #.........#####.........#
^# ##..).....# ####+######
#####'''####### *,
#####...######## ,,
§§.##...###°####
§☼○.#.≈.##§○§### * ,
○§§.#...#§☼○☼§##
§°..#...##§°○###


You could see a very large slime creature and a slime creature.

Vanquished Creatures
  A catoblepas (D:14)
  A centaur warrior (D:11)
  3 two-headed ogres
  A wizard (D:14)
  2 necromancers (D:14)
  Pikel (D:8)
  7 ugly things
  A cyclops (D:13)
  A salamander (shapeshifter) (D:13)
  2 manticores
  A gargoyle (D:12)
  A freezing wraith (D:13)
  The ghost of kaychamo the Skirmisher, a novice GrMo (D:5)
  3 trolls (D:13)
  A hippogriff (D:9)
  A slime creature (D:14)
  A hornet (D:13)
  A meliai zombie (D:12)
  A shadow (D:11)
  2 wraiths
  24 yaks
  A spriggan (D:7)
  3 wyverns
  Grum (D:9)
  A steam dragon (D:8)
  3 hungry ghosts
  A warg (D:10)
  An acid dragon (D:11)
  A water moccasin (D:9)
  4 sky beasts
  3 slaves (D:8)
  2 black bears
  7 orc warriors
  6 ice beasts
  An eye of draining (D:12)
  3 phantoms
  14 centaurs
  6 ogres
  2 wolves (D:9)
  A crocodile (D:7)
  2 big kobolds
  6 bullfrogs
  A gnoll sergeant (D:8)
  3 wyvern zombies
  A wyvern skeleton (D:12)
  2 scorpions (D:11)
  19 killer bees
  8 wights
  A water moccasin skeleton (D:4)
  An electric eel (D:13)
  2 howler monkeys
  4 bullfrog zombies
  3 quasits
  9 crimson imps
  2 centaur zombies
  3 jellies
  13 orc priests
  6 hounds
  5 bullfrog skeletons
  2 centaur skeletons
  A gnoll shaman (D:5)
  14 orc wizards
  Natasha (twice) (D:3)
  5 iguanas
  8 worker ants
  A hound zombie (D:9)
  A hound skeleton (D:5)
  A worker ant zombie (D:5)
  14 gnolls
  17 adders
  3 shadow imps
  An adder skeleton (D:7)
  2 worms
  2 dart slugs
  6 leopard geckos
  62 orcs
  6 giant cockroaches
  11 goblins
  7 hobgoblins
  14 jackals
  3 quokkas
  A ball python (D:2)
  9 bats
  2 frilled lizards
  A jackal skeleton (D:8)
  A jackal zombie (D:6)
  21 kobolds
  A leopard gecko skeleton (D:4)
  A quokka skeleton (D:4)
  A quokka zombie (D:6)
  12 rats
  4 fungi (D:9)
  7 plants (D:9)
453 creatures vanquished.

Vanquished Creatures (others)
  A water elemental (D:13)
  A slave (D:8)
  A wight (D:8)
  11 toadstools (D:5)
14 creatures vanquished.

Grand Total: 467 creatures vanquished

Notes
Turn   | Place    | Note
-------+----------+-------------------------------------------
     0 | D:1      | Borgoz the Gargoyle Fighter began the quest for the Orb.
     0 | D:1      | Reached XP level 1. HP: 14/14 MP: 1/1
   198 | D:1      | Reached XP level 2. HP: 19/19 MP: 2/2
   474 | D:1      | Reached XP level 3. HP: 21/23 MP: 3/3
  1097 | D:2      | Reached XP level 4. HP: 26/29 MP: 4/4
  1209 | D:2      | Found a faded altar of an unknown god.
  1721 | D:3      | Reached skill level 3 in Maces & Flails
  1736 | D:3      | Reached XP level 5. HP: 29/33 MP: 5/5
  1842 | D:3      | Found a white marble altar of Elyvilon.
  1843 | D:3      | Noticed Natasha
  1858 | D:3      | Killed Natasha
  2014 | D:3      | Reached XP level 6. HP: 25/39 MP: 6/6
  2173 | D:3      | Found a hide-covered altar of Uskayaw.
  2195 | D:3      | Noticed Natasha
  2209 | D:3      | Killed Natasha
  3111 | D:5      | Entered Level 5 of the Dungeon
  3153 | D:5      | Reached skill level 5 in Fighting
  3153 | D:5      | Reached skill level 4 in Maces & Flails
  3153 | D:5      | Reached skill level 5 in Armour
  3153 | D:5      | Reached skill level 5 in Shields
  3153 | D:5      | Reached XP level 7. HP: 44/44 MP: 7/7
  3335 | D:5      | Found a runed translucent door.
  3336 | D:5      | Noticed kaychamo's ghost (novice GrMo)
  3501 | D:5      | Reached skill level 1 in Dodging
  3559 | D:5      | Found a blossoming altar of Fedhas.
  3580 | D:5      | Noticed an oklob plant
  3622 | D:5      | Found Xasirhe's Armour Boutique.
  3796 | D:5      | Reached skill level 5 in Maces & Flails
  3796 | D:5      | Reached XP level 8. HP: 51/51 MP: 8/8
  4314 | D:6      | Found a staircase to the Ecumenical Temple.
  4353 | Temple   | Entered the Ecumenical Temple
  4393 | Temple   | Became a worshipper of Ashenzari the Shackled
  4757 | D:6      | Reached skill level 6 in Maces & Flails
  4778 | D:6      | Found Ifudumixt's Assorted Antiques.
  5033 | D:7      | Reached XP level 9. HP: 47/56 MP: 9/9
  5143 | D:7      | Reached skill level 7 in Maces & Flails
  5858 | D:8      | Reached skill level 8 in Maces & Flails
  6092 | D:8      | Noticed a manticore
  6106 | D:8      | Killed a manticore
  6106 | D:8      | Reached XP level 10. HP: 52/64 MP: 10/10
  6466 | D:8      | Noticed Pikel
  6495 | D:8      | Reached skill level 9 in Maces & Flails
  6515 | D:8      | Killed Pikel
  7149 | D:9      | Found a staircase to the Lair.
  7199 | D:9      | Reached skill level 5 in Dodging
  7367 | D:9      | Noticed a two-headed ogre
  7378 | D:9      | Killed a two-headed ogre
  7378 | D:9      | Reached skill level 10 in Maces & Flails
  7378 | D:9      | Reached XP level 11. HP: 37/71 MP: 11/11
  7672 | D:9      | Noticed Grum
  7699 | D:9      | Killed Grum
  7824 | D:9      | Found a roughly hewn altar of Beogh.
  7954 | D:9      | Reached * piety under Ashenzari
  8151 | D:5      | Killed kaychamo's ghost
  8374 | D:10     | Entered Level 10 of the Dungeon
  8469 | D:10     | Reached skill level 11 in Maces & Flails
  8996 | D:10     | Found a staircase to the Orcish Mines.
  9339 | D:11     | Noticed a cyan ugly thing
  9359 | D:11     | Killed a cyan ugly thing
  9384 | D:11     | Noticed a centaur warrior
  9402 | D:11     | Killed a centaur warrior
  9539 | D:11     | Reached skill level 10 in Fighting
  9615 | D:11     | Reached skill level 10 in Armour
  9702 | D:11     | Reached XP level 12. HP: 77/77 MP: 12/12
 10944 | D:12     | Reached ** piety under Ashenzari
 11064 | D:12     | Reached skill level 12 in Maces & Flails
 12123 | D:13     | Noticed a two-headed ogre
 12141 | D:13     | Killed a two-headed ogre
 12567 | D:13     | Noticed a two-headed ogre
 12573 | D:13     | Killed a two-headed ogre
 12720 | D:14     | Noticed a catoblepas
 12731 | D:14     | Killed a catoblepas
 12731 | D:14     | Reached XP level 13. HP: 76/84 MP: 13/13
 12740 | D:14     | Paralysed by a wizard for 5 turns
 12754 | D:14     | Found a gate to the Vaults.
 13110 | D:14     | Reached skill level 13 in Maces & Flails
 13352 | D:14     | Reached *** piety under Ashenzari
 13697 | D:14     | Found a sparkling altar of Nemelex Xobeh.
 13757 | D:14     | Slain by a very large slime creature

Levels and vault maps discovered:
D:1:      shiori_arrival_elements, layout_loops_ring, minmay_stone_trees_large
D:2:      layout_loops_ring, chequers_ecumenical_altar_simple_redux
D:3:      layout_basic, lemuel_doored_altar, elyvilon_altar_3, uniq_natasha
D:4:      layout_loops_cross, first_ration
D:5:      layout_loops_corners, serial_shops, nicolae_shop_crystal,
          gammafunk_ghost_grave, tgw_fedhas
D:6:      layout_rooms, minmay_temple_entry_purple_smoke, serial_shops,
          nicolae_shop_competitors_out_of_business
D:7:      layout_rooms, the_bakery
D:8:      layout_gridville, minmay_manual_mail, uniq_pikel
D:9:      layout_roguey [special_room_orc], dpeg_oklobed_lair,
          serial_bayou_pond_d, uniq_grum
D:10:     layout_stronghold, erik_orc_4
D:11:     layout_roguey
D:12:     layout_basic, serial_curves, eino_curves_04, eino_curves_02
D:13:     layout_irregular_city, kennysheep_doodads
D:14:     layout_roguey, david_vaults_1, grunt_decor_fettered,
          grunt_ministairs_12, drop_trap, nemelex_altar_shiori
Temple:   compressed_dpeg_triangle_lava_temple

Skill      XL: |  1  2  3  4  5  6  7  8  9 10 11 12 13 |
---------------+----------------------------------------+-----
Fighting       | 4 5 6 7 9 10 11 | 11.1
Armour         | 4 5 6 7 9 10 11 | 11.1
Shields        | 4 5 |  5.1
Maces & Flails | 3 4 5 6 8 10 11 12 13 | 13.2
Dodging        | 1 2 4 5 6 8 |  8.9

Action                   |  1- 3 |  4- 6 |  7- 9 | 10-12 | 13-15 || total
-------------------------+-------+-------+-------+-------+-------++-------
Melee: Flail             |   130 |   118 |       |   407 |   127 ||   782
       Mace              |       |   144 |   596 |   127 |       ||   867
       Whip              |       |       |       |   688 |       ||   688
Throw: Throwing net      |       |       |       |     1 |     2 ||     3
Evoke: Wand              |       |       |       |       |     1 ||     1
  Use: Scroll            |       |     2 |     4 |     7 |       ||    13
       Potion            |       |       |       |     2 |     2 ||     4
 Stab: Held in net/web   |       |       |       |     1 |       ||     1
       Paralysed         |       |       |       |       |    11 ||    11
  Eat: Chunk             |     1 |     6 |    12 |    25 |     3 ||    47
Armor: Plate armour      |   110 |   240 |   500 |   643 |    48 ||  1541
       Scale mail        |     2 |       |       |       |       ||     2
Dodge: Dodged            |    10 |    39 |   115 |   262 |    27 ||   453
Block: Shield            |    56 |   162 |   321 |   537 |    25 ||  1101

Table legend:
 A = Non-vault XP
 B = Vault XP
 C = Vault XP percentage of total XP
 D = Non-vault monster count
 E = Vault monster count
 F = Vault count percentage of total count
                 A         B        C        D         E       F
            +---------+---------+-------+---------+---------+-------
      Total |   32410 |    5410 |  14.3 |     382 |      59 |  13.4
            +---------+---------+-------+---------+---------+-------
        D:1 |      68 |       0 |   0.0 |      33 |       0 |   0.0
        D:2 |      93 |       0 |   0.0 |      21 |       0 |   0.0
        D:3 |     209 |      36 |  14.7 |      26 |       1 |   3.7
        D:4 |     121 |       0 |   0.0 |      11 |       0 |   0.0
        D:5 |     966 |     371 |  27.7 |      24 |       1 |   4.0
        D:6 |     501 |       0 |   0.0 |      14 |       0 |   0.0
        D:7 |    1497 |     338 |  18.4 |      31 |       2 |   6.1
        D:8 |    2249 |    1054 |  31.9 |      43 |       6 |  12.2
        D:9 |    3649 |     796 |  17.9 |      29 |      29 |  50.0
       D:10 |    2326 |     479 |  17.1 |      23 |      16 |  41.0
       D:11 |    5209 |       0 |   0.0 |      53 |       0 |   0.0
       D:12 |    4218 |       0 |   0.0 |      31 |       0 |   0.0
       D:13 |    7163 |     307 |   4.1 |      32 |       1 |   3.0
       D:14 |    4141 |    2029 |  32.9 |      11 |       3 |  21.4
            +---------+---------+-------+---------+---------+-------
